 Dungeon Crawl Stone Soup version 0.30.0-29-ga12c61a403 (webtiles) character file.

Game seed: 17233848622671191442

497 DemonSlayer the Digger (level 6, -2/42 HPs)
             Began as a Demonspawn Earth Elementalist on June 18, 2023.
             Was an Initiate of Dithmenos.
             Slain by a wight
             ... wielding a +0 trident
              (9 damage)
             ... on level 6 of the Dungeon.
             The game lasted 00:05:13 (2360 turns).

DemonSlayer the Digger (DsEE)                       Turns: 2360, Time: 00:05:14

Health: -2/42      AC:  2    Str: 11    XL:     6   Next: 93%
Magic:  7/12       EV: 12    Int: 16    God:    Dithmenos [......]
Gold:   58         SH:  0    Dex: 13    Spells: 13/14 levels left

rFire   . . .        f - +1 dagger (speed)
rCold   . . .        (no shield)
rNeg    . . .        a - +0 robe
rPois   .            (no helmet)
rElec   .            (no cloak)
rCorr   .            (no gloves)
SInv    .            (boots unavailable)
Will    .....        (no amulet)
Stlth   ++           (no ring)
HPRegen 0.27/turn    (no ring)
MPRegen 0.13/turn

%: no passive effects
@: no status effects
A: hooves 3, spiny 1
a: Renounce Religion


You were on level 6 of the Dungeon.
You worshipped Dithmenos.
Dithmenos was noncommittal.
You visited 1 branch of the dungeon, and saw 6 of its levels.

You collected 58 gold pieces.

Inventory:

Hand Weapons
 f - a +1 dagger of speed (weapon)
Armour
 a - a +0 robe (worn)
Scrolls
 b - a scroll of magic mapping {unknown}
 d - 2 scrolls of fear {unknown}
 e - 2 scrolls of teleportation
 g - a scroll of blinking {unknown}
 i - a scroll of identify {unknown}
 j - a scroll of enchant weapon {unknown}
Potions
 c - 2 potions of brilliance {unknown}
 h - a potion of haste {unknown}
 k - a potion of resistance {unknown}
 l - a potion of lignification {unknown}


   Skills:
 + Level 0.7 Fighting
 + Level 1.3 Short Blades
 + Level 2.0 Dodging
 + Level 3.2 Stealth
 + Level 4.5 Spellcasting
 + Level 0.8 Transmutations
 + Level 4.7 Earth Magic


You had 13 spell levels left.
You knew the following spells:

 Your Spells              Type           Power      Damage    Failure   Level
a - Sandblast             Erth           36%        2d10      2%          1

Your spell library contained the following spells:

 Spells                   Type           Power      Damage    Failure   Level
 Passwall                 Tmut/Erth      10%        N/A       8%          2
 Stone Arrow              Conj/Erth      22%        3d8       19%         3
 Petrify                  Tmut/Erth      12%        N/A       45%         4


Dungeon Overview and Level Annotations

Branches:
Dungeon (6/15)
 Temple: D:4-7

Altars:
Dithmenos

Annotations:
D:2 Jessica, Robin


Innate Abilities, Weirdness & Mutations

You have hooves in place of feet.
You are partially covered in sharp spines.


Message History

There are monsters nearby!
There are monsters nearby!
Why would you want to do that?
A wight is nearby!
You can't see any susceptible monsters within range! (Use Z to cast anyway.)
There are monsters nearby!
The blast of sand hits the wight but does no damage.
The blast of sand hits the wight!
The wight is heavily damaged.
The blast of sand hits the wight.
The wight is severely damaged.
The wight completely misses you.
The blast of sand hits the wight but does no damage.
The wight is severely damaged.
The wight barely misses you. The wight hits you with a +0 falchion.
The wight hits you with a +0 falchion!
The wight hits you from afar with a +0 trident!
You are too injured to fight recklessly!
Unknown command.
Casting: Sandblast (safe; 2% risk of failure)
Confirm with . or Enter, or press ? or * to list all spells.
Aiming: Sandblast (safe; 2% risk of failure)
Press: ? - help, Shift-Dir - straight line, f/p - wight
Aim: a wight, wielding a +0 falchion and wearing a +0 robe (severely damaged, 82% to hit)
The blast of sand hits the wight!
You destroy the wight!
Dithmenos accepts your kill. The wight barely misses you.
Unknown command.
Casting: Sandblast (safe; 2% risk of failure)
Confirm with . or Enter, or press ? or * to list all spells.
Aiming: Sandblast (safe; 2% risk of failure)
Press: ? - help, Shift-Dir - straight line, f - wight
Aim: a wight, wielding a +0 trident and wearing a +0 robe (82% to hit)
The blast of sand hits the wight!
The wight is heavily damaged.
The wight hits you from afar with a +0 trident!
* * * LOW HITPOINT WARNING * * *
The wight hits you from afar with a +0 trident!
You die...

.............#
.............#
.......<.....+
######.........#
#+##....#####.....#
............#.....#
............#.....#
............#.....+ ##
#@# #.....##
#####.##)######.....#####
........z.....#.....'....
..............#.....#....
.........#########..#....
#.....###..≈≈≈≈≈..#.#####
#..... #.≈.....≈.###
+..... #.≈.≈≈≈.≈.# #....
#.≈≈...≈≈.#


You could see a wight.

Vanquished Creatures
  Grinder (D:3)
  2 scorpions
  A wight (D:6)
  A hound (D:4)
  A jelly (D:4)
  An orc wizard (D:4)
  A worm (D:2)
  2 dart slugs (D:2)
  3 orcs
  3 endoplasms
  6 giant cockroaches
  2 goblins (D:2)
  3 hobgoblins
  3 jackals (D:1)
  3 kobolds (D:1)
  4 quokkas
  5 ball pythons
  2 bats (D:1)
  2 frilled lizards
  3 rats
49 creatures vanquished.

Notes
Turn   | Place    | Note
-------+----------+-------------------------------------------
     0 | D:1      | DemonSlayer the Demonspawn Earth Elementalist began the
                  | quest for the Orb.
     0 | D:1      | Reached XP level 1. HP: 13/13 MP: 3/3
    87 | D:1      | You fall into a shaft and drop 1 floor!
   110 | D:2      | Noticed an orc wizard
   133 | D:2      | Noticed Jessica
   301 | D:1      | Gained mutation: You have large cloven feet. [demonic
                  | ancestry]
   301 | D:1      | Reached XP level 2. HP: 18/19 MP: 0/5
   735 | D:2      | Reached XP level 3. HP: 24/24 MP: 3/6
   773 | D:2      | Noticed Robin
  1068 | D:3      | Noticed Grinder
  1087 | D:3      | Killed Grinder
  1088 | D:3      | Gained mutation: You are partially covered in sharp spines.
                  | [demonic ancestry]
  1088 | D:3      | Reached XP level 4. HP: 4/30 MP: 0/9
  1088 | D:3      | Gained mutation: You have hoof-like feet. [demonic
                  | ancestry]
  1088 | D:3      | Reached XP level 5. HP: 4/35 MP: 0/10
  1493 | D:4      | Reached skill level 1 in Short Blades
  1593 | D:4      | Gained mutation: You have hooves in place of feet. [demonic
                  | ancestry]
  1593 | D:4      | Reached XP level 6. HP: 40/41 MP: 7/11
  2201 | D:5      | Entered Level 5 of the Dungeon
  2307 | D:6      | Found a shadowy altar of Dithmenos.
  2333 | D:6      | Became a worshipper of Dithmenos the Shadowed
  2360 | D:6      | Slain by a wight

Illustrated notes

Levels and vault maps discovered:
D:1:      dpeg_arrival_rooms_c, layout_rooms,
          shapermc_ecumenical_altar_rom_forum
D:2:      minmay_skewed_foursquare, layout_rooms, uniq_robin, uniq_jessica
D:3:      layout_basic, uniq_grinder
D:4:      layout_basic, minmay_temple_entry_statues_pillars, uniq_duvessa,
          uniq_edmund, uniq_ijyb
D:5:      layout_loops_ring, serial_aquarium, aquarium_bridge_long_joined
          [aquarium_subvault_bridge, aquarium_subvault_window,
          aquarium_subvault_window, aquarium_subvault_bridge,
          aquarium_subvault_wall, aquarium_subvault_balcony],
          aquarium_window_fake, aquarium_window_fake, aquarium_window_1,
          aquarium_window_1, aquarium_view_2c
D:6:      layout_gridville, mainiacjoe_overflow_paths, serial_shops,
          nicolae_shop_tiny_statue_garden, nicolae_shop_self_help

Skill      XL: |  1  2  3  4  5  6 |
---------------+-------------------+-----
Earth Magic    | 3 4 |  4.7
Stealth        | 2 3 |  3.2
Spellcasting   | 3 4 |  4.5
Short Blades   | 1 |  1.3
Dodging        | 2 |  2.0
Fighting       | |  0.7
Transmutations | |  0.8

Action                     |  1- 3 |  4- 6 || total
---------------------------+-------+-------++-------
  Melee: Dagger            |    29 |     9 ||    38
         Kick              |     3 |     2 ||     5
   Cast: Sandblast         |    53 |    26 ||    79
    Use: Potion            |     3 |       ||     3
         Scroll            |     1 |       ||     1
   Stab: Sleeping          |     3 |     2 ||     5
 Armour: Robe              |    11 |     4 ||    15
  Dodge: Dodged            |    34 |    11 ||    45
